[Event "Titled Tuesday Blitz August 08 Late 2023"]
[White "Vaibhav Jayant Raut"]
[Black "D`Arruda, Ricardo D."]
[WhiteFideId "5089034"]
[BlackFideId "100692"]
[WhiteElo "2590"]
[BlackElo "2503"]
[Result "0-1"]
[Round "10"]
[TimeControl "180+1"]
[Date "2023.08.08"]
[WhiteClock "0:00:18"]
[BlackClock "0:01:02"]
[Board "59"]

1. e4 c5 2. Nf3 Nc6 3. Bb5 g6 4. O-O Bg7 5. c3 Nf6 6. Re1 O-O 7. d4 cxd4 8. cxd4 d5 9. e5 Ne4 10. Nbd2 Bf5 11. Nb3 Qb6 12. Bxc6 bxc6 13. Be3 a5 14. Rc1 a4 15. Nc5 Nxc5 16. Rxc5 Qxb2 17. Rxc6 Qxa2 18. Nh4 Be6 19. Nf3 Rfc8 20. Qc1 a3 21. Ng5 Bd7 22. Rc7 h6 23. e6 fxe6 24. Nf3 Qb2 25. Qxb2 axb2 26. Rxc8+ Rxc8 27. Rb1 Rb8 28. Ne1 e5 29. Nd3 Rb3 30. Nc5 Bf5 31. Nxb3 Bxb1 32. dxe5 Bc2 33. Nd2 Bxe5 34. Bxh6 Bc3 0-1


[Site "https://www.chess.com"]

[Event "Titled Tuesday Blitz August 08 Late 2023"]
[White "Gasparyan, David"]
[Black "Berezin, Viktor"]
[WhiteFideId "13311980"]
[BlackFideId "14107872"]
[WhiteElo "2581"]
[BlackElo "2480"]
[Result "0-1"]
[Round "10"]
[TimeControl "180+1"]
[Date "2023.08.08"]
[WhiteClock "0:00:03"]
[BlackClock "0:00:10"]
[Board "60"]

1. e4 c6 2. Nc3 d5 3. Nf3 dxe4 4. Nxe4 Nf6 5. Qe2 Bf5 6. d3 e6 7. Bd2 Be7 8. Ng3 Bg6 9. h4 h6 10. Ne5 Bh7 11. h5 Nbd7 12. Nc4 O-O 13. O-O-O b5 14. Na5 Qb6 15. Ne4 Nd5 16. Kb1 Nb4 17. Nb3 a5 18. Be3 Qc7 19. a3 Nd5 20. Nbc5 a4 21. Nxd7 Qxd7 22. Nc5 Qa7 23. Ne4 Nxe3 24. Qxe3 Qb8 25. c3 Qe5 26. f4 Qd5 27. Nd2 Bc5 28. Qf3 Qd7 29. Ka1 Be7 30. Ne4 c5 31. g4 b4 32. g5 bxc3 33. Nxc3 hxg5 34. fxg5 Bxg5 35. Bg2 Bf6 36. h6 Rab8 37. hxg7 Bxg7 38. Rxh7 Kxh7 39. Rh1+ Kg8 40. Qh5 f5 41. Qh7+ Kf7 42. Bf3 Rh8 43. Bh5+ Kf8 44. Qg6 Rh6 45. Qg5 Rxb2 46. Kxb2 Qb7+ 47. Kc2 Qb3+ 48. Kd2 Qxc3+ 49. Ke2 Qe5+ 50. Kd2 Qb2+ 51. Ke3 Bd4+ 52. Kf4 Qf2+ 53. Bf3 Qe3+ 54. Kg3 Qxg5+ 55. Bg4 Qxg4# 0-1


[Site "https://www.chess.com"]

[Event "Titled Tuesday Blitz August 08 Late 2023"]
[White "Altman, Joshua"]
[Black "Ladan, Nicholas"]
[WhiteFideId "426210"]
[BlackFideId "30918855"]
[WhiteElo "2577"]
[BlackElo "2434"]
[Result "1-0"]
[Round "10"]
[TimeControl "180+1"]
[Date "2023.08.08"]
[WhiteClock "0:00:39"]
[BlackClock "0:00:49"]
[Board "61"]

1. Nf3 b6 2. g3 Bb7 3. Bg2 e6 4. O-O Nf6 5. d4 Be7 6. c4 O-O 7. Nc3 d5 8. Ne5 Nbd7 9. Bf4 h6 10. Rc1 Rc8 11. cxd5 Nxe5 12. Bxe5 Nxd5 13. e4 Nxc3 14. bxc3 c6 15. Qg4 Bf6 16. f4 Bxe5 17. fxe5 Qg5 18. Qxg5 hxg5 19. c4 Rfd8 20. Rfd1 Rc7 21. d5 cxd5 22. exd5 Rc5 23. dxe6 Rxd1+ 24. Rxd1 Bxg2 25. Rd8+ Kh7 26. exf7 Bh3 27. f8=Q Rxe5 28. Qh8+ Kg6 29. Qxh3 1-0


[Site "https://www.chess.com"]

[Event "Titled Tuesday Blitz August 08 Late 2023"]
[White "Eggleston, Thomas A"]
[Black "Pert, Richard G"]
[WhiteFideId "412139"]
[BlackFideId "404748"]
[WhiteElo "2396"]
[BlackElo "2572"]
[Result "1/2-1/2"]
[Round "10"]
[TimeControl "180+1"]
[Date "2023.08.08"]
[WhiteClock "0:00:06"]
[BlackClock "0:00:08"]
[Board "62"]

1. e4 d5 2. Nc3 Nf6 3. e5 Nfd7 4. d4 e6 5. f4 c5 6. Nf3 Nc6 7. Be3 Be7 8. Qd2 O-O 9. dxc5 Nxc5 10. Nd4 f6 11. exf6 Rxf6 12. Nxc6 bxc6 13. Bxc5 Bxc5 14. Ne4 Qb6 15. Nxf6+ gxf6 16. c3 e5 17. fxe5 Be3 18. Qc2 fxe5 19. Be2 Bf2+ 20. Kd1 Be6 21. Rf1 Rf8 22. a4 e4 23. a5 Qe3 24. Ra3 Qg5 25. g4 e3 26. h3 c5 27. c4 d4 28. Kc1 Qe5 29. Kb1 Qh2 30. a6 Bf7 31. Ra5 Qxh3 32. Rxc5 Bg6 33. Bd3 Qxf1+ 34. Bxf1 Bxc2+ 35. Kxc2 e2 36. Rg5+ Kh8 37. Bxe2 Be3 38. Rf5 Rc8 39. Bd3 Kg7 40. b4 h6 41. c5 Bg5 42. Kb3 Bf6 43. Kc4 Re8 44. Kd5 Re3 45. Kc4 Re1 46. b5 Rc1+ 47. Kd5 Rc3 48. Rf3 Bg5 49. b6 axb6 50. cxb6 Be3 51. a7 Ra3 52. Kc6 h5 53. Kb7 hxg4 54. a8=Q Rxa8 55. Kxa8 gxf3 56. b7 Bf4 57. b8=Q Bxb8 58. Kxb8 f2 59. Kc7 Kf6 60. Kd6 Kg5 61. Kd5 Kf4 62. Kxd4 Kf3 63. Bc4 Kg2 64. Bd3 Kg1 65. Ke3 f1=Q 66. Bxf1 1/2-1/2


[Site "https://www.chess.com"]

[Event "Titled Tuesday Blitz August 08 Late 2023"]
[White "Adan Bermudez, Sergio"]
[Black "Andrews, Todd"]
[WhiteFideId "2292726"]
[BlackFideId "2012456"]
[WhiteElo "2556"]
[BlackElo "2390"]
[Result "1-0"]
[Round "10"]
[TimeControl "180+1"]
[Date "2023.08.08"]
[WhiteClock "0:00:54"]
[BlackClock "0:00:13"]
[Board "63"]

1. c4 e5 2. Nc3 Nc6 3. Nf3 Nf6 4. e3 Bb4 5. Qc2 O-O 6. Nd5 Bc5 7. Ng5 g6 8. Nxf6+ Qxf6 9. Ne4 Qe7 10. a3 a5 11. h4 f5 12. Nc3 d6 13. Nd5 Qf7 14. h5 g5 15. h6 Be6 16. b3 Bxd5 17. cxd5 Ne7 18. Bc4 Rab8 19. a4 Rfc8 20. Bb2 Ng6 21. Rh5 Qe7 22. Qxf5 Rf8 23. Qe6+ Kh8 24. Qxe7 Nxe7 25. Rxg5 Nf5 26. f4 Rbe8 27. fxe5 dxe5 28. g4 Nxh6 29. Rxe5 Rxe5 30. Bxe5+ Kg8 31. d6+ Nf7 32. dxc7 Re8 33. d4 Kf8 34. Bxf7 Bb4+ 35. Ke2 Kxf7 36. Rf1+ Ke6 37. Rh1 Bd6 38. Rh6+ Kd7 39. Rxd6+ Kxc7 40. Re6+ Kd7 41. Rxe8 Kxe8 42. e4 Kd7 43. d5 1-0


[Site "https://www.chess.com"]

[Event "Titled Tuesday Blitz August 08 Late 2023"]
[White "Ai, Evan"]
[Black "Shapiro, Viktor"]
[WhiteFideId "2094770"]
[BlackFideId "4175700"]
[WhiteElo "2347"]
[BlackElo "2554"]
[Result "0-1"]
[Round "10"]
[TimeControl "180+1"]
[Date "2023.08.08"]
[WhiteClock "0:01:42"]
[BlackClock "0:01:32"]
[Board "64"]

1. e4 Nf6 2. e5 Nd5 3. d4 d6 4. c4 Nb6 5. exd6 cxd6 6. Nc3 g6 7. Be3 Bg7 8. Rc1 O-O 9. b3 Nc6 10. Nf3 Bg4 11. Be2 e5 12. dxe5 dxe5 13. O-O f5 14. h3 Bxf3 15. Bxf3 e4 16. Be2 Qh4 17. Nd5 Rad8 18. Bxb6 axb6 19. Kh2 f4 20. g3 fxg3+ 21. fxg3 Be5 22. Rxf8+ Rxf8 23. Qg1 Bxg3+ 24. Qxg3 Rf2+ 25. Qg2 Rxg2+ 26. Kxg2 Qg5+ 0-1


[Site "https://www.chess.com"]

[Event "Titled Tuesday Blitz August 08 Late 2023"]
[White "UgarteCesar"]
[Black "Santos Flores, Alberto"]
[BlackFideId "3601234"]
[WhiteElo "2346"]
[BlackElo "2552"]
[Result "1/2-1/2"]
[Round "10"]
[TimeControl "180+1"]
[Date "2023.08.08"]
[WhiteClock "0:00:18"]
[BlackClock "0:00:15"]
[Board "65"]

1. d4 d5 2. Bf4 Nf6 3. Nf3 c5 4. e3 Nc6 5. c3 Qb6 6. Qb3 c4 7. Qc2 Bf5 8. Qc1 e6 9. Nbd2 h6 10. h3 Qd8 11. g4 Bh7 12. Bg2 Be7 13. O-O O-O 14. b3 b5 15. a4 a6 16. axb5 axb5 17. Rxa8 Qxa8 18. bxc4 bxc4 19. Ne5 Nxe5 20. Bxe5 Qa4 21. Re1 Ra8 22. Bxf6 Bxf6 23. e4 Qb5 24. exd5 exd5 25. Nf3 Be4 26. g5 hxg5 27. Nxg5 Bxg2 28. Kxg2 Re8 29. Nf3 Rxe1 30. Qxe1 Qd7 31. Qe3 g6 32. Qf4 Kg7 33. Ne5 Qe6 34. Ng4 Be7 35. Qe5+ Qxe5 36. Nxe5 Ba3 37. Nd7 Bb2 38. Nb6 Bxc3 39. Nxd5 Bxd4 40. Kf3 f5 41. Ke2 Kh6 42. Nf4 Be5 43. Ne6 Kh5 44. f4 Bd6 45. Ke3 Kh4 46. Kd4 Kxh3 47. Kxc4 Kg3 48. Kd5 Bxf4 49. Nf8 g5 50. Ke6 Kg4 51. Nh7 Bc1 52. Nf6+ Kf4 53. Nd5+ Ke4 54. Nf6+ Kf4 55. Nd5+ Kg4 56. Nf6+ Kh4 57. Kxf5 Bb2 58. Ng4 Bc3 59. Nf2 Be1 60. Ne4 g4 61. Kf4 g3 62. Kf3 Kh3 63. Nxg3 1/2-1/2


[Site "https://www.chess.com"]

[Event "Titled Tuesday Blitz August 08 Late 2023"]
[White "Grossboss19"]
[Black "Stachanczyk, Jacek"]
[BlackFideId "1116657"]
[WhiteElo "2532"]
[BlackElo "2344"]
[Result "1-0"]
[Round "10"]
[TimeControl "180+1"]
[Date "2023.08.08"]
[WhiteClock "0:01:24"]
[BlackClock "0:00:15"]
[Board "66"]

1. Nf3 d5 2. d4 c6 3. g3 Nf6 4. Bg2 Bf5 5. O-O Nbd7 6. c4 e6 7. Nc3 Be7 8. Qb3 Qb6 9. c5 Qxb3 10. axb3 a6 11. b4 Rc8 12. h3 h6 13. g4 Bh7 14. Bf4 Ne4 15. Rfd1 Nxc3 16. bxc3 Be4 17. Bf1 Bxf3 18. exf3 g5 19. Bg3 f6 20. Re1 Kf7 21. f4 Rce8 22. Ra2 Bd8 23. Rae2 Nf8 24. f5 Re7 25. Bd6 Re8 26. Re3 e5 27. dxe5 fxe5 28. Bxe5 Rg8 29. c4 Nd7 30. Bd6 Rxe3 31. Rxe3 d4 32. Re4 Bf6 33. Bg2 Re8 34. Kf1 Rxe4 35. Bxe4 Ne5 36. b5 Nxc4 37. bxa6 bxa6 38. Bxc6 d3 39. Bd5+ 1-0


[Site "https://www.chess.com"]

[Event "Titled Tuesday Blitz August 08 Late 2023"]
[White "Eugene, Floryan"]
[Black "Topalov, Aleksandar"]
[WhiteFideId "20694784"]
[BlackFideId "925659"]
[WhiteElo "2640"]
[BlackElo "2385"]
[Result "1-0"]
[Round "10"]
[TimeControl "180+1"]
[Date "2023.08.08"]
[WhiteClock "0:00:17"]
[BlackClock "0:00:00"]
[Board "67"]

1. e4 e6 2. d3 d5 3. Qe2 Be7 4. Nf3 c5 5. g3 Nc6 6. Bg2 Nf6 7. O-O O-O 8. e5 Nd7 9. c4 a6 10. Nc3 Nb6 11. b3 Bd7 12. Bf4 Nd4 13. Nxd4 cxd4 14. Nb1 a5 15. h4 a4 16. Nd2 Bb4 17. Qg4 Kh8 18. Nf3 axb3 19. axb3 f5 20. exf6 gxf6 21. Rxa8 Qxa8 22. Ne5 Qe8 23. Bh6 Rg8 24. Qxd4 Bd6 25. Ng4 Qd8 26. Qxf6+ Qxf6 27. Nxf6 Rg6 28. Nxd7 Nxd7 29. Be3 Nf6 30. Ra1 Ng4 31. Bd4+ Kg8 32. Ra8+ Kf7 33. cxd5 e5 34. Bb6 Rf6 35. Be4 Nxf2 36. Bxf2 1-0


[Site "https://www.chess.com"]

[Event "Titled Tuesday Blitz August 08 Late 2023"]
[White "Mesa Cruz, Juan Carlos"]
[Black "Jimenez Martinez, Jose Vicente"]
[WhiteFideId "6423400"]
[BlackFideId "2264021"]
[WhiteElo "2417"]
[BlackElo "2634"]
[Result "1-0"]
[Round "10"]
[TimeControl "180+1"]
[Date "2023.08.08"]
[WhiteClock "0:02:16"]
[BlackClock "0:02:19"]
[Board "68"]

1. Nf3 d6 2. d4 g6 3. c4 Bg7 4. Nc3 Nf6 5. e4 O-O 6. Be2 Bg4 7. O-O Nfd7 8. Be3 e5 9. dxe5 Bxf3 10. Bxf3 dxe5 11. Bg4 h5 12. Bxd7 Qxd7 13. Qxd7 Nxd7 14. Rfd1 Nb6 15. b3 c6 16. a4 Rad8 17. a5 Nc8 18. Na4 Rfe8 19. Nc5 b6 20. axb6 axb6 21. Na6 Rxd1+ 22. Rxd1 Bf6 23. Nb4 c5 24. Nd5 Bd8 25. Ra1 Ne7 26. Nf6+ Kf8 27. Bh6# 1-0


[Site "https://www.chess.com"]

[Event "Titled Tuesday Blitz August 08 Late 2023"]
[White "Fisher_TheGalactic"]
[Black "Romero Ruscalleda, Josep"]
[BlackFideId "2231859"]
[WhiteElo "2627"]
[BlackElo "2409"]
[Result "1-0"]
[Round "10"]
[TimeControl "180+1"]
[Date "2023.08.08"]
[WhiteClock "0:00:16"]
[BlackClock "0:00:13"]
[Board "69"]

1. e4 g6 2. d4 Bg7 3. Nf3 d6 4. Bc4 Nf6 5. Nc3 O-O 6. O-O Nxe4 7. Nxe4 d5 8. Bd3 dxe4 9. Bxe4 Nd7 10. c3 Nf6 11. Bc2 Qd5 12. Re1 Re8 13. Ng5 e6 14. Be3 b6 15. Bb3 Qd7 16. Bf4 Bb7 17. Be5 Rad8 18. Ba4 Qd5 19. f3 b5 20. Bb3 Qd7 21. Qe2 a6 22. a4 Bd5 23. Bxd5 exd5 24. axb5 axb5 25. Ra7 Rc8 26. Qd1 Qc6 27. Nh3 Nd7 28. Bxg7 Kxg7 29. Nf2 Qb6 30. Ra1 Nf6 31. Nd3 Rxe1+ 32. Qxe1 Re8 33. Qd2 Nd7 34. Re1 Rxe1+ 35. Qxe1 Qe6 36. Qxe6 fxe6 37. Kf2 Kf6 38. Ke3 e5 39. dxe5+ Nxe5 40. Nxe5 Kxe5 41. b4 g5 42. g3 c6 43. h3 h5 44. Kd3 h4 45. gxh4 gxh4 46. Ke3 Kf5 47. f4 Ke6 48. Ke2 Kf6 49. Kf2 Kg6 50. Ke3 Kf5 51. Kf3 Kf6 52. Kg4 Ke6 53. f5+ Ke5 54. Kg5 d4 55. cxd4+ Kxd4 56. f6 Kc4 57. f7 Kxb4 58. f8=Q+ c5 59. Kxh4 Kc4 60. Kg4 b4 61. h4 b3 62. h5 b2 63. Qb8 Kc3 64. h6 c4 65. h7 Kc2 66. h8=Q c3 67. Qd4 Kb1 68. Qxc3 Ka1 69. Qcxb2# 1-0


[Site "https://www.chess.com"]

[Event "Titled Tuesday Blitz August 08 Late 2023"]
[White "Slaby, Jerzy"]
[Black "Mazurkiewicz, Michal"]
[WhiteFideId "1121405"]
[BlackFideId "1124943"]
[WhiteElo "2527"]
[BlackElo "2400"]
[Result "1-0"]
[Round "10"]
[TimeControl "180+1"]
[Date "2023.08.08"]
[WhiteClock "0:01:47"]
[BlackClock "0:00:25"]
[Board "70"]

1. e4 d6 2. d4 Nf6 3. f3 e5 4. Ne2 Be7 5. Nbc3 O-O 6. Be3 c6 7. Qd2 b5 8. O-O-O Nbd7 9. g4 a5 10. Ng3 a4 11. g5 Ne8 12. Nf5 b4 13. Ne2 Nb6 14. Neg3 b3 15. cxb3 axb3 16. a3 d5 17. dxe5 Bxa3 18. bxa3 Rxa3 19. Qb4 Ra1+ 20. Kb2 Rxd1 21. Bxb6 Qxg5 22. Be3 Qd8 23. Ne7+ Kh8 24. Nxc6 Nc7 25. Nxd8 Rxd8 26. Bb6 1-0


[Site "https://www.chess.com"]

[Event "Titled Tuesday Blitz August 08 Late 2023"]
[White "Gabdushev, Ruslan"]
[Black "Janaszak, Dawid"]
[WhiteFideId "4137833"]
[BlackFideId "1119206"]
[WhiteElo "2386"]
[BlackElo "2521"]
[Result "0-1"]
[Round "10"]
[TimeControl "180+1"]
[Date "2023.08.08"]
[WhiteClock "0:00:00"]
[BlackClock "0:00:53"]
[Board "71"]

1. g3 d5 2. Bg2 e5 3. c3 Nc6 4. d3 f5 5. Qb3 Nf6 6. Bg5 e4 7. dxe4 dxe4 8. Nd2 h6 9. Be3 Ng4 10. Nf1 Bd6 11. Nh3 Qe7 12. Nf4 Qf7 13. h3 Nge5 14. h4 O-O 15. Qxf7+ Kxf7 16. f3 exf3 17. Bxf3 Nxf3+ 18. exf3 Ne5 19. Kf2 Bd7 20. Bd4 Bc6 21. Bxe5 Bxe5 22. Ne3 g5 23. hxg5 hxg5 24. Nd3 Bxg3+ 25. Kxg3 f4+ 26. Kg4 fxe3 27. Ne5+ Kg7 28. Nxc6 bxc6 29. Rh5 Rf4+ 30. Kxg5 Raf8 0-1


[Site "https://www.chess.com"]

[Event "Titled Tuesday Blitz August 08 Late 2023"]
[White "kiwibobo"]
[Black "Sam, Gabriel"]
[BlackFideId "75000776"]
[WhiteElo "2384"]
[BlackElo "2508"]
[Result "1-0"]
[Round "10"]
[TimeControl "180+1"]
[Date "2023.08.08"]
[WhiteClock "0:00:46"]
[BlackClock "0:00:00"]
[Board "72"]

1. e4 c5 2. Nf3 e6 3. d4 cxd4 4. Nxd4 Nc6 5. Nc3 Qc7 6. Be2 a6 7. O-O Nf6 8. Be3 Be7 9. f4 d6 10. a4 O-O 11. Kh1 Bd7 12. Nb3 Na5 13. e5 Ne8 14. Ne4 Nxb3 15. cxb3 dxe5 16. fxe5 Bc6 17. Bd3 Rd8 18. Qe2 Qxe5 19. Bf4 Qa5 20. Rad1 Nf6 21. Bd2 Qc7 22. Nxf6+ Bxf6 23. Rxf6 gxf6 24. Qg4+ Kh8 25. Bc3 Qe7 26. Qh4 Rxd3 27. Bxf6+ Qxf6 28. Qxf6+ Kg8 29. Rxd3 1-0


[Site "https://www.chess.com"]

[Event "Titled Tuesday Blitz August 08 Late 2023"]
[White "Korpics, Zsolt"]
[Black "Yu, Jennifer"]
[WhiteFideId "705241"]
[BlackFideId "2078341"]
[WhiteElo "2382"]
[BlackElo "2494"]
[Result "0-1"]
[Round "10"]
[TimeControl "180+1"]
[Date "2023.08.08"]
[WhiteClock "0:00:00"]
[BlackClock "0:00:05"]
[Board "73"]

1. e4 e5 2. Nf3 Nc6 3. Bb5 a6 4. Ba4 Nf6 5. O-O b5 6. Bb3 Bb7 7. c3 Be7 8. Re1 O-O 9. d4 d6 10. Nbd2 h6 11. Nf1 exd4 12. cxd4 Na5 13. Bc2 c5 14. Ng3 Re8 15. b3 Bf8 16. Bb2 c4 17. d5 Bc8 18. b4 Nb7 19. Nd4 Bg4 20. f3 Bd7 21. Kh1 Rc8 22. Bc3 g6 23. Qd2 Bg7 24. a4 Qb6 25. a5 Qd8 26. Nde2 Qe7 27. Rad1 h5 28. Nf1 h4 29. Qg5 h3 30. g4 Nxg4 31. Qxe7 Rxe7 32. fxg4 Bxg4 33. Bxg7 Kxg7 34. Rd2 Nd8 35. Neg3 f6 36. Kg1 Nf7 37. Ne3 Bd7 38. Rf2 Ng5 39. Ref1 Rf8 40. Bb1 Re5 41. Nc2 Nxe4 42. Nxe4 Rxe4 43. Ne1 Rg4+ 44. Kh1 Rg5 45. Be4 Re5 46. Bf3 c3 47. Re2 Rfe8 48. Rxe5 Rxe5 49. Nd3 Re3 50. Nc1 Bf5 51. Kg1 g5 52. Kf2 Re5 53. Re1 g4 54. Rxe5 fxe5 55. Bd1 Kf6 56. Ke3 Kg5 57. Nd3 Bxd3 58. Kxd3 Kf4 59. Kxc3 g3 60. hxg3+ Kxg3 61. Bc2 Kf3 62. Bd1+ Ke3 63. Bc2 h2 64. Bd3 h1=Q 65. Bxb5 Qc1+ 66. Kb3 axb5 67. a6 Qc4+ 0-1


[Site "https://www.chess.com"]

[Event "Titled Tuesday Blitz August 08 Late 2023"]
[White "Jovic, Stanoje"]
[Black "Ncatt"]
[WhiteFideId "905020"]
[WhiteElo "2482"]
[BlackElo "2376"]
[Result "1/2-1/2"]
[Round "10"]
[TimeControl "180+1"]
[Date "2023.08.08"]
[WhiteClock "0:00:20"]
[BlackClock "0:00:33"]
[Board "74"]

1. c4 c6 2. e4 d5 3. exd5 cxd5 4. cxd5 Nf6 5. Qa4+ Nbd7 6. Bc4 a6 7. d3 Rb8 8. Bb3 b5 9. Qf4 Bb7 10. Nc3 Nc5 11. Qg3 Nxb3 12. axb3 b4 13. Ne4 Nxd5 14. Ne2 g6 15. Qe5 f6 16. Qe6 Bg7 17. O-O Nc7 18. Qb6 O-O 19. Qa5 Qxd3 20. N2g3 Ne6 21. Nc5 Nxc5 22. Qxc5 Qd5 23. Qxd5+ Bxd5 24. Rxa6 Bxb3 25. Ra7 e5 26. Be3 h5 27. Rc1 Rf7 28. Rxf7 Bxf7 29. Rc7 Rd8 30. h4 Rd1+ 31. Kh2 Rb1 32. Rc8+ Kh7 33. Rc7 Bd5 34. Rd7 Be6 35. Re7 Bc4 36. Ne4 Kh8 37. Rc7 Bg8 38. Nd6 f5 39. Ne8 Bf8 40. Bg5 Bd5 41. Bf6+ Kg8 42. Bxe5 Be7 43. Rxe7 Kf8 44. Rd7 Bc6 45. Rc7 Bxe8 46. Rb7 Re1 47. Bg7+ Kg8 48. Bf6 Re4 49. f3 Rc4 50. b3 Rc6 51. Bg5 Bf7 52. Rxb4 Rc3 53. Bf6 Rxb3 54. Rd4 Rb8 55. Rd8+ Rxd8 56. Bxd8 Be6 57. Bg5 Kf7 58. Kg3 Bd5 59. Kf4 Be6 60. Bd8 Ba2 61. Ba5 Be6 62. g4 fxg4 63. fxg4 Bxg4 64. Kg5 Kg7 65. Bc3+ Kh7 66. Bd4 Kg8 67. Be5 Kf7 68. Bd4 Ke6 69. Kxg6 Kd5 70. Bf6 Ke4 71. Bg5 Kf3 72. Kg7 Kg3 73. Kf8 Kf3 74. Ke7 Kg3 75. Kd6 Kf3 76. Kc5 Kg3 77. Kd6 Kf3 78. Kc5 Kg3 79. Kb6 Kf3 80. Kc7 Kg3 81. Kd8 Kf3 82. Ke7 Kg3 83. Kd6 1/2-1/2


[Site "https://www.chess.com"]

[Event "Titled Tuesday Blitz August 08 Late 2023"]
[White "Gaal, Zsoka"]
[Black "Davidson, Kevin"]
[WhiteFideId "777765"]
[BlackFideId "2056810"]
[WhiteElo "2481"]
[BlackElo "2371"]
[Result "1-0"]
[Round "10"]
[TimeControl "180+1"]
[Date "2023.08.08"]
[WhiteClock "0:00:14"]
[BlackClock "0:00:00"]
[Board "75"]

1. Nf3 Nf6 2. g3 g6 3. b3 Bg7 4. Bb2 O-O 5. Bg2 d6 6. d4 e5 7. dxe5 Ng4 8. c4 Nc6 9. O-O dxe5 10. h3 Nh6 11. Nc3 e4 12. Qxd8 Rxd8 13. Ng5 e3 14. Rad1 exf2+ 15. Kxf2 Bf5 16. Rxd8+ Rxd8 17. Rd1 Rxd1 18. Nxd1 Bxb2 19. Nxb2 Bb1 20. Bxc6 bxc6 21. a3 Nf5 22. e3 h5 23. g4 hxg4 24. hxg4 Nd6 25. Na4 Ba2 26. Nc5 Kg7 27. Nf3 Kf6 28. Nd4 Kg5 29. Kf3 f5 30. gxf5 Nxf5 31. Nxc6 Nh4+ 32. Kf2 1-0


[Site "https://www.chess.com"]

[Event "Titled Tuesday Blitz August 08 Late 2023"]
[White "Polaczek, Richard"]
[Black "Arnold, Ken"]
[WhiteFideId "200026"]
[BlackFideId "2056836"]
[WhiteElo "2361"]
[BlackElo "2459"]
[Result "0-1"]
[Round "10"]
[TimeControl "180+1"]
[Date "2023.08.08"]
[WhiteClock "0:00:15"]
[BlackClock "0:00:31"]
[Board "76"]

1. d4 Nf6 2. c4 e6 3. Nc3 d5 4. cxd5 Nxd5 5. e4 Nxc3 6. bxc3 Be7 7. Nf3 b6 8. Bd3 Bb7 9. O-O O-O 10. Qe2 c5 11. Bb2 cxd4 12. cxd4 Nc6 13. Rad1 Nb4 14. Bc4 Rc8 15. a3 Rxc4 16. Qxc4 Ba6 17. Qb3 Bxf1 18. Kxf1 Nc6 19. d5 Na5 20. Qd3 exd5 21. exd5 Bf6 22. Bxf6 Qxf6 23. d6 Rd8 24. d7 g6 25. Re1 Kg7 26. Re8 Nc6 27. Rxd8 Nxd8 28. g3 Ne6 29. Kg2 h5 30. Qd5 Nd8 31. Ne5 Qe6 32. Qd4 f6 33. Nf3 Kf7 34. Qa4 a5 35. Qb5 Qc6 36. Qd3 Ke7 37. Qxg6 Kxd7 38. Qxh5 Ne6 39. Qf7+ Kd6 40. Qxe6+ Kxe6 0-1


[Site "https://www.chess.com"]

[Event "Titled Tuesday Blitz August 08 Late 2023"]
[White "Pavlidou, Ekaterini"]
[Black "maksimys18"]
[WhiteFideId "4213262"]
[WhiteElo "2357"]
[BlackElo "2456"]
[Result "0-1"]
[Round "10"]
[TimeControl "180+1"]
[Date "2023.08.08"]
[WhiteClock "0:01:31"]
[BlackClock "0:02:27"]
[Board "77"]

1. d4 e6 2. c4 d5 3. Nc3 Be7 4. Nf3 Nf6 5. Bg5 O-O 6. e3 h6 7. Bxf6 Bxf6 8. Bd3 dxc4 9. Bxc4 b6 10. O-O Bb7 11. Qe2 c5 12. Rfd1 cxd4 13. Nxd4 Qe7 14. Bb5 a6 15. Ba4 b5 16. Bc2 Nc6 17. Ne4 Nxd4 18. exd4 Rad8 19. Qd3 g6 20. Nc5 Rxd4 21. Qa3 Rc4 22. Nxb7 Qxa3 23. bxa3 Bxa1 24. Bb3 Rc7 25. Nd6 Rd8 26. Rxa1 Rxd6 27. g3 Rdc6 28. Kg2 Rc1 29. Rxc1 Rxc1 30. h4 a5 31. a4 bxa4 32. Bxa4 Kg7 33. Kf3 Kf6 34. Ke3 Ke5 35. f4+ Kd5 36. Bb3+ Kc5 37. Ke4 Re1+ 38. Kf3 Kd4 39. g4 Re3+ 40. Kf2 Ke4 41. f5 exf5 42. gxf5 gxf5 43. Bxf7 Ra3 44. h5 Kf4 45. Kg2 Rc3 46. Kf1 Kf3 47. Ke1 Ke3 48. Kd1 f4 0-1


[Site "https://www.chess.com"]

[Event "Titled Tuesday Blitz August 08 Late 2023"]
[White "JERO-8914"]
[Black "Kukavica, Tony"]
[BlackFideId "2062542"]
[WhiteElo "2450"]
[BlackElo "2346"]
[Result "0-1"]
[Round "10"]
[TimeControl "180+1"]
[Date "2023.08.08"]
[WhiteClock "0:00:05"]
[BlackClock "0:00:13"]
[Board "78"]

1. d4 Nf6 2. Nf3 d5 3. c4 e6 4. Nc3 c5 5. e3 Nc6 6. a3 cxd4 7. exd4 a6 8. cxd5 exd5 9. Bd3 Be6 10. Ne2 h6 11. Ng3 Bd6 12. O-O O-O 13. b4 Bg4 14. Bb2 Bxg3 15. hxg3 Ne4 16. Re1 Re8 17. Rc1 Qf6 18. Re3 Ng5 19. Be2 Rxe3 20. fxe3 Ne4 21. Ne5 Qf2+ 22. Kh2 Qxg3+ 23. Kg1 Qf2+ 24. Kh2 Bxe2 25. Qe1 Nxe5 26. dxe5 Qxe3 27. Qh4 Qg5 28. Qxg5 hxg5 29. Rc7 Rd8 30. Bd4 f6 31. e6 Re8 32. Rxb7 Rxe6 33. Rd7 Bc4 34. a4 Kh7 35. Rb7 Kg6 36. Rb8 Nd6 37. Rb6 Kf5 38. Kh3 g4+ 39. Kh4 Ne4 40. Rb8 g6 41. Rf8 Re7 42. Rh8 Rb7 43. b5 axb5 44. a5 b4 45. Ra8 b3 46. a6 Bxa6 47. Bb2 Rh7# 0-1


[Site "https://www.chess.com"]

[Event "Titled Tuesday Blitz August 08 Late 2023"]
[White "KrokerGuy"]
[Black "Lopez Gracia, Fernando"]
[BlackFideId "2207184"]
[WhiteElo "2449"]
[BlackElo "2342"]
[Result "1-0"]
[Round "10"]
[TimeControl "180+1"]
[Date "2023.08.08"]
[WhiteClock "0:00:09"]
[BlackClock "0:00:01"]
[Board "79"]

1. e4 c5 2. Nf3 e6 3. d4 cxd4 4. Nxd4 Nf6 5. Nc3 Nc6 6. Ndb5 Bb4 7. a3 Bxc3+ 8. Nxc3 d5 9. exd5 exd5 10. Bd3 O-O 11. O-O d4 12. Ne2 Bg4 13. Bg5 Re8 14. Re1 Qd6 15. Qd2 Bh5 16. Nf4 Bg6 17. Nxg6 hxg6 18. Rxe8+ Rxe8 19. Re1 Rxe1+ 20. Qxe1 Ne5 21. Bxf6 gxf6 22. Be2 Qb6 23. b3 Qc5 24. Qd2 Nc6 25. b4 Qe5 26. g3 g5 27. Bc4 b5 28. Bd3 Qd5 29. Qe2 a6 30. Be4 Qd6 31. Qh5 Ne5 32. Qh6 Ng6 33. Bxg6 fxg6 34. Qxg6+ Kf8 35. h4 gxh4 36. gxh4 Qf4 37. h5 Ke7 38. h6 Qc1+ 39. Kg2 Qf4 40. h7 Qh4 41. Qg7+ Ke6 42. h8=Q Qe4+ 43. Kh2 Qf4+ 44. Qg3 Qf5 45. Qhh3 Qxh3+ 46. Qxh3+ Kd5 47. Qf5+ Kc4 48. Qc5# 1-0


[Site "https://www.chess.com"]

[Event "Titled Tuesday Blitz August 08 Late 2023"]
[White "Vafin, Ayrat"]
[Black "Guerrero Vargas, Andres Jesus"]
[WhiteFideId "4146530"]
[BlackFideId "3902048"]
[WhiteElo "2321"]
[BlackElo "2444"]
[Result "1-0"]
[Round "10"]
[TimeControl "180+1"]
[Date "2023.08.08"]
[WhiteClock "0:00:16"]
[BlackClock "0:00:00"]
[Board "80"]

1. Nf3 Nf6 2. g3 g6 3. Bg2 Bg7 4. d4 O-O 5. O-O d6 6. c4 Nbd7 7. Nc3 e5 8. e4 exd4 9. Nxd4 Re8 10. Re1 Nc5 11. h3 h6 12. Rb1 Bd7 13. b4 Ne6 14. Nde2 Ng5 15. Bxg5 hxg5 16. Qd2 g4 17. hxg4 Nxg4 18. Rbd1 Ne5 19. c5 dxc5 20. bxc5 Bg4 21. Qe3 Qc8 22. Nd5 c6 23. Ndf4 Qc7 24. f3 Be6 25. Nxe6 Rxe6 26. Nf4 Ree8 27. Bf1 Bh6 28. Qc3 Nd7 29. Rd6 Bg7 30. Qc2 Be5 31. Red1 Kg7 32. Rxd7 Qa5 33. Qc4 Rf8 34. Ne6+ Kg8 35. Nxf8 Rxf8 36. Rxf7 Rxf7 37. Rd7 Bd4+ 38. Kh1 1-0


[Site "https://www.chess.com"]